 Dungeon Crawl Stone Soup version 0.17.1-3-g152610e (webtiles) character file.

1068 moxian the Ducker (level 8, 0/66 HPs)
             Began as a Minotaur Gladiator on Apr 22, 2016.
             Slain by a hell rat (18 damage)
             ... on level 5 of the Dungeon.
             The game lasted 00:19:12 (5250 turns).

moxian the Ducker (Minotaur Gladiator)              Turns: 5250, Time: 00:19:12

Health: 0/66       AC:  3    Str: 25    XL:     8   Next: 7%
Magic:  7/7        EV: 12    Int:  5    God:
Gold:   192        SH: 10    Dex: 13    Spells: 1 memorised, 5 levels left

rFire  . . .     SeeInvis .     a - +0 flail
rCold  . . .     Clarity  .     r - +0 leather armour
rNeg   . . .     SustAt   .     k - +0 shield
rPois  +         Gourm    .     c - +0 hat
rElec  .         Spirit   .     (no cloak)
rCorr  .         Warding  .     (no gloves)
rMut   .         Stasis   .     (no boots)
MR     .....                    (no amulet)
Stlth  +.........               (no ring)
                                I - ring of poison resistance

@: mighty, drained, not resistant to hostile enchantments, very unstealthy
A: retaliatory headbutt, horns 2
a: no special abilities


You were on level 5 of the Dungeon.
You were hungry.

You visited 1 branch of the dungeon, and saw 5 of its levels.

You collected 192 gold pieces.

Inventory:

Hand Weapons
 a - a +0 flail (weapon)
 b - a +0 hunting sling
 l - a +1 dagger of venom
Missiles
 f - 4 tomahawks
 g - 240 stones
 n - 25 arrows
 p - 2 throwing nets (quivered)
 t - 53 bolts
 w - 50 sling bullets
Armour
 c - a +0 hat (worn)
 k - a +0 shield (worn)
 r - a +0 leather armour (worn)
Jewellery
 I - a ring of poison resistance (left hand)
Scrolls
 d - a scroll of blinking {unknown}
 h - a scroll of noise {unknown}
 m - 2 scrolls of teleportation {unknown}
 o - a scroll of magic mapping {unknown}
 s - 4 scrolls of remove curse {unknown}
 y - 2 scrolls of enchant weapon {unknown}
 z - a scroll of fog {unknown}
 D - a scroll of enchant armour {unknown}
 E - 2 scrolls of identify {unknown}
Potions
 i - a potion of heal wounds
 j - a potion of poison
 u - 2 potions of haste {unknown}
 v - a potion of brilliance {unknown}
 A - a potion of agility {unknown}
 F - a potion of cure mutation {unknown}
Books
 B - a book of Minor Magic

   Spells                             Type                      Level
   a - Magic Dart                     Conjuration                  1
   b - Blink                          Translocation                2
   c - Call Imp                       Summoning                    2
   d - Repel Missiles                 Charms/Air                   2
   e - Slow                           Hexes                        2
   f - Conjure Flame                  Conjuration/Fire             3
   g - Mephitic Cloud                 Conjuration/Poison/Air       3
Comestibles
 e - 3 bread rations
 x - a royal jelly
 C - 2 meat rations
 G - a beef jerky
 H - 2 fruits


   Skills:
 + Level 4.2(3.8) Fighting
 + Level 5.5(5.2) Maces & Flails
 + Level 3.2(3.4) Slings
 + Level 2.5(2.9) Throwing
 - Level 3.0(2.7) Armour
 * Level 6.9(6.5) Dodging
 - Level 1.0(0.6) Stealth
 * Level 4.0(3.6) Shields


You had 5 spell levels left.
You knew the following spells:

 Your Spells              Type           Power        Failure   Level  Hunger
a - Blink                 Tloc           N/A          100%        2    ###....


Dungeon Overview and Level Annotations

Branches:
Dungeon (5/15)
 Temple: D:4-7

Altars:
Ru


Innate Abilities, Weirdness & Mutations

You reflexively headbutt those who attack you in melee.
You have a pair of horns on your head.


Message History

It was a potion of poison.
You feel slightly nauseous.
The hell rat twitches its whiskers.
You block the hell rat's attack.
A rat comes into view.
Drink which item? (? for menu, Esc to quit)
It was a potion of might.
You feel very mighty all of a sudden. You block the hell rat's attack.
You barely miss the hell rat.
The hell rat is heavily wounded.
The hell rat bites you.
* * * LOW HITPOINT WARNING * * *
The hell rat closely misses you.
You are too injured to fight recklessly!
You sock the hell rat! You headbutt the hell rat.
You kill the hell rat!
You sock the hell rat! Your headbutt misses the hell rat.
The hell rat is severely wounded.
You block the hell rat's attack. The hell rat bites you!!
You die...

# #. #.. #... #...r
# #...rr### .#
#r@####.# ####
###.#..# #####...
#..##.#######.#.....
#......##..#.##..#
#..†###..######..#
#.#... #### #..#
##.### #... #.# #..#
#. #..#


You could see a hell rat, a river rat and 2 rats.

Vanquished Creatures
  An ice beast (D:5)
  2 ogres
  A phantom (D:4)
  A necrophage (D:5)
  A scorpion (D:4)
  2 hounds
  4 orc wizards
  A hell rat (D:5)
  2 iguanas (D:4)
  2 worker ants (D:4)
  3 adders
  6 gnolls
  2 river rats (D:5)
  6 oozes
  A worm (D:5)
  2 adder skeletons (D:4)
  A giant gecko (D:4)
  8 orcs
  3 ball pythons
  6 giant cockroaches
  6 hobgoblins
  10 jackals
  2 quokkas
  5 bats
  A giant gecko skeleton (D:4)
  3 giant newts
  6 goblins
  4 kobolds
  12 rats
104 creatures vanquished.

Vanquished Creatures (others)
  An orc wizard (D:4)
1 creature vanquished.

Grand Total: 105 creatures vanquished

Notes
Turn   | Place    | Note
--------------------------------------------------------------
     0 | D:1      | moxian the Minotaur Gladiator began the quest for the Orb.
     0 | D:1      | Reached XP level 1. HP: 18/18 MP: 0/0
   222 | D:1      | Reached XP level 2. HP: 22/25 MP: 1/1
   270 | D:1      | Reached skill level 4 in Maces & Flails
   270 | D:1      | Reached skill level 1 in Shields
   565 | D:1      | Reached XP level 3. HP: 26/30 MP: 2/2
  1788 | D:2      | Reached skill level 1 in Armour
  1788 | D:2      | Reached XP level 4. HP: 23/37 MP: 3/3
  2218 | D:3      | Reached XP level 5. HP: 44/44 MP: 4/4
  2281 | D:3      | Learned a level 2 spell: Blink
  2587 | D:3      | Noticed an ogre
  2600 | D:3      | Killed an ogre
  2600 | D:3      | Reached skill level 5 in Dodging
  2600 | D:3      | Reached XP level 6. HP: 21/51 MP: 5/5
  3906 | D:4      | Reached skill level 1 in Stealth
  4121 | D:4      | Found a sacrificial altar of Ru.
  4302 | D:4      | Reached skill level 5 in Maces & Flails
  4302 | D:4      | Reached XP level 7. HP: 32/57 MP: 6/6
  4476 | D:4      | Reached skill level 1 in Slings
  4702 | D:4      | Reached skill level 6 in Dodging
  4841 | D:5      | Entered Level 5 of the Dungeon
  5142 | D:5      | Reached XP level 8. HP: 43/66 MP: 7/7
  5250 | D:5      | Slain by a hell rat

Action                   |  1- 3 |  4- 6 |  7- 9 || total
-------------------------+-------+-------+-------++-------
Melee: Flail             |    73 |   128 |    96 ||   297
 Fire: Hunting sling     |       |    16 |    36 ||    52
Throw: Tomahawk          |       |     8 |     1 ||     9
       Throwing net      |       |     3 |     2 ||     5
       Stone             |       |     5 |       ||     5
  Use: Potion            |       |     3 |     2 ||     5
 Stab: Sleeping          |       |     2 |     1 ||     3
  Eat: Chunk             |     3 |     7 |     3 ||    13
